 Dungeon Crawl Stone Soup version 0.30-a0-585-g93115170b9 (webtiles) character file.

Game seed: 8837551824068227900

285158 NinjaNoafa the Spry (level 20, 0/147 (163) HPs)
             Began as a Gnoll Monk on Dec 28, 2022.
             Was the Champion of Cheibriados.
             Slain by a spectral caustic shrike (4 damage)
             ... while petrified by a living spell
             ... on level 1 of the Depths on Jan 2, 2023.
             The game lasted 03:59:39 (44431 turns).

NinjaNoafa the Spry (Gnoll Monk)                   Turns: 44431, Time: 03:59:39

HP:   0/147 (163)   AC: 22    Str: 26    XL:     20   Next: 60%
MP:   8/38          EV:  2    Int: 42    God:    Cheibriados [******]
Gold: 2354          SH:  0    Dex: 31    Spells: 5/47 levels left

rFire   + . .      SeeInvis +    a - +7 scimitar of the Philosopher {protect, rF+}
rCold   + . .      Faith    .    D - +4 kite shield {AC+3}
rNeg    + + +      Spirit   .    E - +3 robe of Clouds {*Thunder rCloud rElec}
rPois   ∞          Reflect  .    v - +2 helmet
rElec   +          Harm     .    k - +2 cloak of the Thief {*Fog Slay-2 SInv Stlth+}
rCorr   +          Rampage  .    t - +1 pair of gloves of the Dolphin {rPois Will+ rCorr Dex-2}
Will    ++...                    o - +2 pair of boots
Stlth   ++++++++                 T - amulet of Plog {RegenMP rCorr}
HPRegen 0.44/turn                i - +6 ring of intelligence
MPRegen 0.66/turn                L - +6 ring of intelligence

@: petrified, drained, very slow
A: fangs 1, strong nose, distributed training, cold resistance 1
}: 2/15 runes: decaying, serpentine
a: Renounce Religion, Bend Time, Temporal Distortion, Slouch, Step From Time


You were on level 1 of the Depths.
You worshipped Cheibriados.
Cheibriados was exalted by your worship.
You visited 9 branches of the dungeon, and saw 35 of its levels.
You also visited: Bailey.

You collected 4935 gold pieces.
You spent 2581 gold pieces at shops.

Inventory:

Hand Weapons
 a - the +7 scimitar of the Philosopher (weapon) {protect, rF+}
   (You found it on level 4 of the Swamp)

   It grants its wielder temporary protection when it strikes (+7 to AC).
   rF:        It protects you from fire.
 b - a +9 scimitar of flaming
Missiles
 j - 7 javelins (quivered)
 y - 5 poisoned darts
 F - 4 throwing nets
 J - 10 curare-tipped darts
 Q - 5 boomerangs
Armour
 k - the +2 cloak of the Thief (worn) {*Fog Slay-2 SInv Stlth+}
   (You acquired it on level 6 of the Dungeon)

   It may release a thick cloud of smoke when the wearer is hurt.
   Slay:      It affects your accuracy & damage with ranged weapons and melee
   (-2).
   SInv:      It lets you see invisible.
   Stlth:     It makes you more stealthy.
 o - a +2 pair of boots (worn)
 t - the +1 pair of gloves of the Dolphin (worn) {rPois Will+ rCorr Dex-2}
   (You found it on level 11 of the Dungeon)

   Dex:       It affects your dexterity (-2).
   rPois:     It protects you from poison.
   rCorr:     It protects you from acid and corrosion.
   Will:      It increases your willpower.
 v - a +2 helmet (worn)
 D - a +4 kite shield of protection (worn)
 E - the +3 robe of Clouds (worn) {*Thunder rCloud rElec}
   (You found it on level 8 of the Dungeon)

   It occasionally creates storm clouds above nearby enemies.
   It grants its wearer immunity to clouds.
   rElec:     It insulates you from electricity.
Jewellery
 e - a ring of flight
 i - a +6 ring of intelligence (left hand)
 C - a ring of positive energy
 L - a +6 ring of intelligence (right hand)
 T - the amulet of Plog (around neck) {RegenMP rCorr}
   (You found it on level 2 of the Lair of Beasts)

   [amulet of magic regeneration]

   It increases your rate of magic regeneration.
   rCorr:     It protects you from acid and corrosion.
Wands
 m - a wand of polymorph (30)
 q - a wand of acid (7)
 z - a wand of paralysis (12)
 B - a wand of roots (33)
 K - a wand of mindburst (33)
 M - a wand of flame (49)
Scrolls
 d - 10 scrolls of vulnerability
 h - 3 scrolls of poison
 n - 10 scrolls of fog
 p - 5 scrolls of teleportation
 r - a scroll of summoning
 s - a scroll of magic mapping
 u - 4 scrolls of fear
 w - 2 scrolls of silence
 A - 9 scrolls of identify
 N - 8 scrolls of immolation
 W - 2 scrolls of blinking
Potions
 c - 4 potions of ambrosia
 f - 8 potions of lignification
 g - 3 potions of invisibility
 l - a potion of berserk rage
 x - 10 potions of attraction
 H - 3 potions of magic
 I - a potion of flight
 P - 10 potions of curing
 R - a potion of mutation
 S - 4 potions of brilliance
 Z - a potion of resistance
Miscellaneous
 G - a box of beasts
 O - a condenser vane
 V - a phial of floods
 X - a phantom mirror
 Y - a lightning rod (4/4)


   Skills:
 + Level 15.6 Fighting
 + Level 14.3 Short Blades
 + Level 15.6 Long Blades
 + Level 14.3 Axes
 + Level 14.3 Maces & Flails
 + Level 14.3 Polearms
 + Level 14.3 Staves
 + Level 14.3 Ranged Weapons
 + Level 14.3 Throwing
 + Level 14.3 Armour
 + Level 15.6 Dodging
 + Level 14.9 Stealth
 + Level 14.3 Shields
 + Level 14.3 Unarmed Combat
 + Level 14.3 Spellcasting
 + Level 12.1 Conjurations
 + Level 12.1 Hexes
 + Level 12.1 Summonings
 + Level 12.1 Necromancy
 + Level 12.1 Translocations
 + Level 12.1 Transmutations
 + Level 12.1 Fire Magic
 + Level 12.1 Ice Magic
 + Level 12.1 Air Magic
 + Level 12.1 Earth Magic
 + Level 12.1 Poison Magic
 + Level 15.5 Invocations
 + Level 14.3 Evocations


You had 5 spell levels left.
You knew the following spells:

 Your Spells              Type           Power      Damage    Failure   Level
a - Fireball              Conj/Fire      46%        3d18      1%          5
b - Confusing Touch       Hex            93%        N/A       1%          3
c - Vampiric Draining     Necr           93%        2d12      1%          3
d - Orb of Destruction    Conj           46%        9d12      10%         7
e - Death Channel         Necr           46%        N/A       1%          6
f - Manifold Assault      Tloc           93%        N/A       1%          4
g - Mephitic Cloud        Conj/Pois/Air  93%        N/A       1%          3
h - Iskenderun's Battles  Conj           93%        2d14      1%          5
i - Dispel Undead         Necr           93%        3d29      1%          4
j - Blink                 Tloc           100%       N/A       1%          2

Your spell library contained the following spells:

 Spells                   Type           Power      Damage    Failure   Level
 Apportation              Tloc           100%       N/A       0%          1
 Freeze                   Ice            100%       1d10      0%          1
 Magic Dart               Conj           100%       1d8       0%          1
 Necrotise                Necr           100%       1d9       0%          1
 Shock                    Conj/Air       100%       1d9       0%          1
 Slow                     Hex            100%       N/A       0%          1
 Sting                    Tmut/Pois      100%       1d8       0%          1
 Summon Small Mammal      Summ           100%       N/A       0%          1
 Cigotuvi's Dreadful Rot  Necr/Pois/Air  100%       N/A       1%          2
 Ensorcelled Hibernation  Hex/Ice        100%       N/A       1%          2
 Momentum Strike          Conj/Tloc      100%       3d10      1%          2
 Poisonous Vapours        Pois/Air       100%       N/A       1%          2
 Searing Ray              Conj           100%       2d8       1%          2
 Call Canine Familiar     Summ           93%        N/A       1%          3
 Frozen Ramparts          Ice            100%       1d16      1%          3
 Hailstorm                Conj/Ice       93%        3d18      1%          3
 Kindle Blastsparks       Fire/Tloc/Air  100%       2d18      1%          3
 Lesser Beckoning         Tloc           100%       N/A       1%          3
 Ozocubu's Armour         Ice            93%        N/A       1%          3
 Portal Projectile        Hex/Tloc       100%       N/A       1%          3
 Spider Form              Tmut/Pois      93%        N/A       1%          3
 Swiftness                Air            93%        N/A       1%          3
 Tukima's Dance           Hex            93%        N/A       1%          3
 Airstrike                Air            46%        2d(7-23)  1%          4
 Anguish                  Hex/Necr       46%        N/A       1%          4
 Cause Fear               Hex            46%        N/A       1%          4
 Fulminant Prism          Conj/Hex       46%        3d21      1%          4
 Iskenderun's Mystic Bla  Conj/Tloc      93%        2d18      1%          4
 Leda's Liquefaction      Hex/Erth       46%        N/A       1%          4
 Olgreb's Toxic Radiance  Pois           93%        N/A       1%          4
 Petrify                  Tmut/Erth      93%        N/A       1%          4
 Agony                    Necr           93%        N/A       1%          5
 Blade Hands              Tmut           46%        N/A       1%          5
 Freezing Cloud           Conj/Ice/Air   46%        6-21      1%          5
 Lee's Rapid Deconstruct  Erth           46%        3d22*     1%          5
 Metabolic Englaciation   Hex/Ice        46%        N/A       1%          5
 Silence                  Hex/Air        46%        N/A       1%          5
 Summon Forest            Summ/Tloc      46%        N/A       1%          5
 Summon Mana Viper        Hex/Summ       93%        N/A       1%          5
 Conjure Ball Lightning   Conj/Air       46%        3x3d16    1%          6
 Simulacrum               Ice/Necr       46%        N/A       1%          6
 Statue Form              Tmut/Erth      62%        N/A       1%          6
 Summon Cactus Giant      Summ           46%        N/A       1%          6
 Dragon Form              Tmut           46%        N/A       10%         7
 Enfeeble                 Hex            46%        N/A       10%         7
 Storm Form               Tmut/Air       46%        N/A       10%         7
 Dragon's Call            Summ           46%        N/A       100%        9
 Polar Vortex             Ice            46%        N/A       100%        9


Dungeon Overview and Level Annotations

Branches:
Dungeon (15/15)            Temple (1/1) D:4            Lair (5/5) D:9
  Swamp (4/4) Lair:2        Snake (4/4) Lair:3        Slime (0/5) Lair:5
    Orc (2/2) D:10            Elf (2/3) Orc:2        Vaults (1/5) D:14
 Depths (1/4) D:15         Bailey (visited)

Altars:
Ashenzari
Cheibriados
Dithmenos
Elyvilon
Fedhas
Gozag
Hepliaklqana
Kikubaaqudgha
Makhleb
Nemelex Xobeh
Okawaru
Qazlal
Ru
Sif Muna
Trog
Uskayaw
Vehumet
Wu Jian
Xom
Yredelemnul
Zin
The Shining One
Jiyva

Shops:
D:2 [   Orc:2 =([?   Elf:1 =((   Snake:1 **

Annotations:
Elf:2 3 runed translucent doors


Innate Abilities, Weirdness & Mutations

You have very sharp teeth.
Your uncanny sense of smell can sniff out nearby items.
Your experience applies equally to all skills.
Your flesh is cold resistant. (rC+)


Message History

You have turned to stone.
The spectral caustic shrike claws you but does no damage. x2
The stone giant hits you! The walking earthen tome hits you!
* * * LOW HITPOINT WARNING * * *
The spectral caustic shrike claws you but does no damage.
The living spell casts itself at you.
Storm clouds gather above the spectral caustic shrike.
The spectral caustic shrike claws you!
* * * LOW HITPOINT WARNING * * *
The stone giant hits you!
* * * LOW HITPOINT WARNING * * *
The walking earthen tome hits you!
* * * LOW HITPOINT WARNING * * *
The spectral caustic shrike claws you but does no damage.
Storm clouds gather above the fire dragon.
The spectral caustic shrike claws you.
* * * LOW HITPOINT WARNING * * *
A lich comes into view.
The stone giant hits you.
* * * LOW HITPOINT WARNING * * *
The fire dragon bites you but does no damage.
The fire dragon claws you but does no damage.
The fire dragon tramples you but does no damage.
The walking earthen tome erupts in a flurry of living spells!
The spectral caustic shrike claws you.
* * * LOW HITPOINT WARNING * * *
The spectral caustic shrike barely misses you.
Storm clouds gather above the walking earthen tome.
The spectral caustic shrike claws you!
* * * LOW HITPOINT WARNING * * *
The spectral caustic shrike claws you but does no damage.
The stone giant hits you!!
* * * LOW HITPOINT WARNING * * *
The fire dragon bites you but does no damage.
The fire dragon claws you.
* * * LOW HITPOINT WARNING * * *
The fire dragon tramples you but does no damage.
The walking earthen tome erupts in a flurry of living spells!
The spectral caustic shrike claws you!
You die...

,,~~~~,∩,~≈~~.....§§§...§...#
,,~~~~~,~≈≈≈≈.........<.§§..#
,,~~~~~~~≈≈≈≈..L.........§..#
,,~~~~~~~.≈≈≈...........§§..#
,,,~~~~~~≈≈≈................#
,,,,~~~~~≈≈......*.*........#
,,,,,,,,,.....§.VC*.........#
,,,,,,,,,......DC;..........#
*****,,,,......Z@Z..........#
~~~,,,,,,........**......$,,*
*****,,,,........^........,,*
*,,,,.................,,*
*****,,,,.................,,*
,,,,,,,,,..........?......,,*
,,,******####.............,,*
,,,* #...........,,,,* ,,,*
*,,,,,,,,,,,,,,,*


You could see a walking earthen tome, a fire dragon, 2 stone giants, a lich, a
vampire knight (fast, invisible), 2 spectral caustic shrikes and 5 living
spells.

Vanquished Creatures
  Saint Roka (Orc:2)
  Nikola (Snake:3)
  Jorgrun (D:15)
  Gastronok (Lair:3)
  The ghost of GiantSquids the Impaler, an adept MfBe of Trog (Swamp:4)
  Agnes (Elf:1)
  5 nagarajas (Snake:4)
  Aizul (Snake:1)
  A frost giant (D:15)
  A vault warden (D:14)
  A deep elf sorcerer (Elf:1)
  2 spectral caustic shrikes (Depths:1)
  The ghost of Newt the Cleaver, a journeyman DsGl of Hepliaklqana (Snake:1)
  A stone giant (Depths:1)
  3 very ugly things (D:15)
  A deep elf demonologist (Elf:1)
  7 eleionomae
  Azrael (D:12)
  A deep elf death mage (Elf:1)
  An entropy weaver (D:14)
  2 shambling mangroves
  An ettin (D:15)
  A yaktaur captain (D:14)
  2 deep elf high priests (Elf:1)
  A vault guard (D:14)
  Harold (Orc:1)
  An ogre mage (D:15)
  3 anacondas
  16 hydras
  3 ghost crabs
  2 salamander tyrants
  3 centaur warriors
  9 two-headed ogres
  13 dancing weapons
  Erica (D:8)
  8 naga warriors
  3 alligators
  5 boulder beetles
  2 tengu warriors (D:15)
  2 death yaks (Lair:2)
  7 naga sharpshooters
  2 orc high priests
  10 shock serpents
  12 deep elf knights
  4 skeletal warriors (D:13)
  A salamander mystic (Snake:4)
  6 sea snakes
  A shadow wraith (D:15)
  4 goliath frogs
  3 spriggan druids (Swamp:4)
  4 swamp dragons (Swamp:4)
  A glowing orange brain (D:15)
  2 deep trolls (Orc:2)
  5 bog bodies
  Pikel (D:6)
  3 naga ritualists
  26 deep elf pyromancers
  5 deep elf archers
  25 deep elf zephyrmancers
  2 lindwurms
  3 wizards (D:14)
  An orc knight (Orc:1)
  3 wolf spiders
  11 cyclopes
  3 orc sorcerers
  2 manticores (D:15)
  8 ugly things
  A manticore (shapeshifter) (D:15)
  6 mana vipers
  9 salamanders
  3 will-o-the-wisps
  34 black mambas
  3 guardian serpents
  7 elephants
  A torpor snail (Lair:2)
  A gargoyle (D:11)
  17 naga magi
  Joseph (Lair:1)
  10 cane toads
  A yaktaur (D:14)
  4 rime drakes
  2 unseen horrors
  12 komodo dragons
  A kobold demonologist (D:10)
  Psyche (D:8)
  Prince Ribbit (D:5)
  8 trolls
  5 tyrant leeches
  4 polar bears
  11 hornets
  23 blink frogs
  4 dream sheep
  8 slime creatures
  A jumping spider (shapeshifter) (D:15)
  Sigmund (D:5)
  3 shadows (D:12)
  16 spriggans
  A vampire (D:11)
  An air elemental (Elf:1)
  15 yaks
  Eustachio (D:5)
  9 humans (D:14)
  2 water elementals
  3 fire elementals
  6 wyverns
  A redback (D:14)
  9 basilisks
  10 vampire mosquitoes
  A warg (Orc:1)
  3 steam dragons
  20 swamp worms
  35 nagas
  3 hell hounds (D:12)
  16 water moccasins
  5 ice beasts (D:9)
  27 orc warriors
  5 swamp drakes
  6 black bears
  11 ogres
  10 centaurs
  25 wolves
  8 boggarts
  2 lemures (D:6)
  A phantom (D:7)
  6 kobold brigands
  An earth elemental (Elf:2)
  18 bullfrogs
  4 gnoll sergeants (D:10)
  2 necrophages
  4 scorpions
  12 wights
  24 killer bees
  9 howler monkeys
  An electric eel (Bailey)
  Crazy Yiuf (D:3)
  4 jellies
  3 hounds
  14 orc priests
  Jessica (D:2)
  3 gnoll boudas
  4 iguanas
  Natasha (thrice) (D:2)
  Terence (D:2)
  19 orc wizards
  28 gnolls
  17 adders
  A shadow imp (D:7)
  2 white imps
  3 ufetubi
  2 worms
  4 dart slugs
  65 orcs
  9 ball pythons
  8 endoplasms
  4 giant cockroaches
  14 goblins
  7 hobgoblins
  2 jackals
  21 kobolds
  3 quokkas
  4 bats
  2 frilled lizards
  2 rats
  2 snaplasher vines (Orc:2)
1036 creatures vanquished.

Vanquished Creatures (collateral kills)
  Mlioglotl (Swamp:1)
  Kirke (Snake:3)
  Roxanne (Swamp:1)
  6 eleionomae
  A dire elephant (D:15)
  A deep elf death mage (Elf:1)
  A fire dragon (Swamp:4)
  An entropy weaver (D:14)
  2 shambling mangroves (Swamp:4)
  2 ghost crabs (Swamp:4)
  5 hydras
  2 salamander tyrants (Snake:4)
  A vault guard (D:14)
  2 ogre magi (Orc:2)
  4 anacondas
  A centaur warrior (D:13)
  8 naga warriors
  4 two-headed ogres
  2 alligators
  4 shock serpents
  2 deep elf knights (Elf:1)
  5 naga sharpshooters
  3 salamander mystics (Snake:4)
  4 goliath frogs
  A spriggan druid (Swamp:4)
  3 deep elf archers
  3 bog bodies
  4 naga ritualists
  8 swamp dragons
  An obsidian statue (Snake:1)
  3 lindwurms
  An orc knight (Orc:1)
  2 wizards (D:14)
  6 deep elf zephyrmancers
  4 deep elf pyromancers (Elf:1)
  2 will-o-the-wisps (Swamp:1)
  An oklob plant (Lair:4)
  4 mana vipers
  2 cyclopes (Orc:2)
  7 salamanders
  12 black mambas
  3 elephants (Lair:5)
  4 slime creatures (D:12)
  2 guardian serpents (Snake:1)
  7 naga magi
  A gargoyle (D:13)
  A komodo dragon (Lair:5)
  5 trolls
  2 polar bears (Lair:5)
  5 hornets
  A bloated husk (Swamp:4)
  4 tyrant leeches
  7 dream sheep (Lair:5)
  7 blink frogs
  A shadow (D:12)
  10 spriggans
  2 fire elementals
  3 yaks (Lair:5)
  A basilisk (D:15)
  3 hogs (Snake:3)
  8 humans (D:14)
  6 vampire mosquitoes
  7 swamp worms
  6 nagas
  2 water moccasins (Lair:4)
  3 swamp drakes
  A black bear (Lair:5)
  11 orc warriors
  2 boggarts (Lair:5)
  13 ogres
  5 wolves (Lair:5)
  6 centaurs
  5 orc priests
  5 orc wizards
  21 orcs
298 creatures vanquished.

Vanquished Creatures (others)
  A salamander tyrant (Snake:4)
  4 deep elf knights
  A goliath frog (Swamp:4)
  A wizard (D:14)
  3 deep elf zephyrmancers
  A bloated husk (Swamp:1)
  A hornet (Swamp:4)
  A spriggan (Swamp:4)
  2 humans
  3 foxfires
  39 fulminant prisms
  65 fungi
  130 plants
  15 snaplasher vines
  4 toadstools (D:1)
271 creatures vanquished.

Grand Total: 1605 creatures vanquished

Notes
Turn   | Place    | Note
-------+----------+-------------------------------------------
     0 | D:1      | NinjaNoafa the Gnoll Monk began the quest for the Orb.
     0 | D:1      | Reached XP level 1. HP: 23/23 MP: 1/1
   107 | D:1      | Upgraded the game from 0.30-a0-557-ge2afbf3030 to
                  | 0.30-a0-568-g124715a40b
   124 | D:1      | Reached XP level 2. HP: 18/29 MP: 2/2
   124 | D:1      | Upgraded the game from 0.30-a0-568-g124715a40b to
                  | 0.30-a0-571-gdf30a72648
   435 | D:1      | Reached XP level 3. HP: 35/35 MP: 3/3
   956 | D:2      | Noticed Natasha
   958 | D:2      | Found a faded altar of an unknown god.
   965 | D:2      | Noticed Jessica
   983 | D:2      | Killed Jessica
   984 | D:2      | Reached skill level 1 in Short Blades
   984 | D:2      | Reached skill level 1 in Axes
   984 | D:2      | Reached skill level 1 in Maces & Flails
   984 | D:2      | Reached skill level 1 in Polearms
   984 | D:2      | Reached skill level 1 in Staves
   984 | D:2      | Reached skill level 1 in Ranged Weapons
   984 | D:2      | Reached skill level 1 in Throwing
   984 | D:2      | Reached skill level 1 in Armour
   984 | D:2      | Reached skill level 1 in Shields
   984 | D:2      | Reached skill level 1 in Unarmed Combat
   984 | D:2      | Reached skill level 1 in Spellcasting
   984 | D:2      | Reached skill level 1 in Invocations
   984 | D:2      | Reached skill level 1 in Evocations
  1026 | D:2      | Reached XP level 4. HP: 41/41 MP: 5/5
  1126 | D:2      | Found Paic's Armour Boutique.
  1332 | D:2      | Killed Natasha
  1333 | D:2      | Reached skill level 1 in Conjurations
  1333 | D:2      | Reached skill level 1 in Hexes
  1333 | D:2      | Reached skill level 1 in Summonings
  1333 | D:2      | Reached skill level 1 in Necromancy
  1333 | D:2      | Reached skill level 1 in Translocations
  1333 | D:2      | Reached skill level 1 in Transmutations
  1333 | D:2      | Reached skill level 1 in Fire Magic
  1333 | D:2      | Reached skill level 1 in Ice Magic
  1333 | D:2      | Reached skill level 1 in Air Magic
  1333 | D:2      | Reached skill level 1 in Earth Magic
  1333 | D:2      | Reached skill level 1 in Poison Magic
  1418 | D:2      | Noticed Terence
  1438 | D:2      | Killed Terence
  1439 | D:2      | Reached XP level 5. HP: 30/47 MP: 5/7
  1492 | D:2      | Noticed Natasha
  1506 | D:2      | Killed Natasha
  1734 | D:2      | Noticed Natasha
  1744 | D:2      | Killed Natasha
  1820 | D:3      | Upgraded the game from 0.30-a0-571-gdf30a72648 to
                  | 0.30-a0-576-g89cddaab80
  1975 | D:3      | Reached XP level 6. HP: 49/53 MP: 6/8
  2063 | D:2      | Bought a +0 buckler for 45 gold pieces
  2063 | D:2      | Bought the +1 Delatra's gloves {ID++} for 100 gold pieces
  2063 | D:2      | Found the +1 Delatra's gloves {ID++}
  2408 | D:3      | Found a runed translucent door.
  2409 | D:3      | Noticed Crazy Yiuf
  3084 | D:4      | Found a staircase to the Ecumenical Temple.
  3093 | Temple   | Entered the Ecumenical Temple
  3295 | Temple   | Became a worshipper of Cheibriados the Contemplative
  3295 | Temple   | Reached * piety under Cheibriados
  3295 | Temple   | Reached ** piety under Cheibriados
  3495 | D:4      | Found an iron altar of Okawaru.
  3495 | D:4      | Found a sacrificial altar of Ru.
  3523 | D:4      | Found a bloodstained altar of Trog.
  3524 | D:4      | Found a radiant altar of Vehumet.
  3611 | D:4      | Found a glowing silver altar of Zin.
  3615 | D:4      | Reached XP level 7. HP: 60/60 MP: 10/10
  3618 | D:4      | Found a basalt altar of Yredelemnul.
  3619 | D:4      | Found a shadowy altar of Dithmenos.
  3744 | D:5      | Entered Level 5 of the Dungeon
  3744 | D:5      | Noticed Eustachio
  3848 | D:3      | Killed Crazy Yiuf
  3861 | D:3      | Identified the +2 hammer of the Eternal Void {flame, *Noise
                  | rElec rCorr Dex+6}
  4011 | D:4      | Reached skill level 5 in Stealth
  4812 | D:5      | Killed Eustachio
  4813 | D:5      | Reached XP level 8. HP: 67/67 MP: 12/12
  4887 | D:4      | Learned a level 1 spell: Slow
  5013 | D:5      | Noticed Prince Ribbit
  5026 | D:5      | Killed Prince Ribbit
  5026 | D:5      | Reached *** piety under Cheibriados
  5303 | D:5      | Noticed Sigmund
  5310 | D:5      | Gained mutation: Your flesh is cold resistant. (rC+)
                  | [potion of mutation]
  5333 | D:5      | Killed Sigmund
  5537 | D:6      | Noticed Pikel
  5623 | D:6      | Reached XP level 9. HP: 46/71 MP: 14/14
  5699 | D:5      | Learned a level 3 spell: Confusing Touch
  5703 | D:5      | Learned a level 3 spell: Vampiric Draining
  5836 | D:6      | Killed Pikel
  6227 | D:6      | Reached **** piety under Cheibriados
  6287 | D:6      | Reached skill level 5 in Invocations
  6435 | D:6      | Found a white marble altar of Elyvilon.
  7441 | D:7      | Reached ***** piety under Cheibriados
  7444 | D:7      | Reached skill level 5 in Short Blades
  7444 | D:7      | Reached skill level 5 in Axes
  7444 | D:7      | Reached skill level 5 in Maces & Flails
  7444 | D:7      | Reached skill level 5 in Polearms
  7444 | D:7      | Reached skill level 5 in Staves
  7444 | D:7      | Reached skill level 5 in Ranged Weapons
  7444 | D:7      | Reached skill level 5 in Throwing
  7444 | D:7      | Reached skill level 5 in Armour
  7444 | D:7      | Reached skill level 5 in Shields
  7444 | D:7      | Reached skill level 5 in Unarmed Combat
  7444 | D:7      | Reached skill level 5 in Spellcasting
  7444 | D:7      | Reached skill level 5 in Evocations
  7444 | D:7      | Reached XP level 10. HP: 68/81 MP: 11/17
  7479 | D:7      | Found a flagged portal.
  7503 | Bailey   | Entered a bailey
  7514 | Bailey   | Learned a level 1 spell: Freeze
  7537 | Bailey   | Learned a level 2 spell: Cigotuvi's Dreadful Rot
  7540 | Bailey   | Learned a level 2 spell: Poisonous Vapours
  7544 | Bailey   | Learned a level 3 spell: Mephitic Cloud
  7548 | Bailey   | Learned a level 3 spell: Frozen Ramparts
  7986 | Bailey   | Noticed an orc sorcerer
  7990 | Bailey   | Paralysed by an orc sorcerer for 2 turns
  7995 | Bailey   | Paralysed by an orc sorcerer for 5 turns
  8003 | Bailey   | Killed an orc sorcerer
  8226 | Bailey   | Found an iron altar of Okawaru.
  8228 | Bailey   | Noticed an orc sorcerer
  8242 | Bailey   | Killed an orc sorcerer
  8370 | Bailey   | Identified the +3 ring mail of Jocular the Good {-Tele
                  | Str+5}
  8714 | D:6      | Acquired the +2 cloak of the Thief {*Fog Slay-2 SInv
                  | Stlth+}
  8714 | D:6      | Found the +2 cloak of the Thief {*Fog Slay-2 SInv Stlth+}
  9764 | D:8      | Noticed Psyche
  9769 | D:8      | Noticed a two-headed ogre
  9785 | D:8      | Reached skill level 5 in Conjurations
  9785 | D:8      | Reached skill level 5 in Hexes
  9785 | D:8      | Reached skill level 5 in Summonings
  9785 | D:8      | Reached skill level 5 in Necromancy
  9785 | D:8      | Reached skill level 5 in Translocations
  9785 | D:8      | Reached skill level 5 in Transmutations
  9785 | D:8      | Reached skill level 5 in Fire Magic
  9785 | D:8      | Reached skill level 5 in Ice Magic
  9785 | D:8      | Reached skill level 5 in Air Magic
  9785 | D:8      | Reached skill level 5 in Earth Magic
  9785 | D:8      | Reached skill level 5 in Poison Magic
  9790 | D:8      | Killed a two-headed ogre
  9791 | D:8      | Reached XP level 11. HP: 61/89 MP: 7/20
  9794 | D:8      | Noticed Erica
  9944 | D:8      | Killed Erica
 10269 | D:8      | Identified the +3 long sword "Alugriphe" {heavy, Will+
                  | rCorr Dex+4}
 10413 | D:8      | Found the +3 robe of Clouds {*Thunder rCloud rElec}
 10573 | D:9      | Noticed a two-headed ogre
 10578 | D:9      | Killed a two-headed ogre
 10621 | D:9      | Upgraded the game from 0.30-a0-576-g89cddaab80 to
                  | 0.30-a0-585-g93115170b9
 10627 | D:9      | Learned a level 3 spell: Hailstorm
 10872 | D:9      | Found Siokay's Magic Scroll Shoppe.
 10983 | D:9      | Bought a scroll of blinking for 75 gold pieces
 10983 | D:9      | Bought a scroll of teleportation for 30 gold pieces
 10983 | D:9      | Bought a scroll of identify for 20 gold pieces
 10983 | D:9      | Bought a scroll of identify for 20 gold pieces
 10983 | D:9      | Bought a scroll of fear for 40 gold pieces
 10983 | D:9      | Bought a scroll of identify for 20 gold pieces
 10983 | D:9      | Bought a scroll of teleportation for 30 gold pieces
 10983 | D:9      | Bought a scroll of enchant armour for 75 gold pieces
 10983 | D:9      | Bought a scroll of immolation for 40 gold pieces
 11042 | D:8      | Killed Psyche
 11138 | D:9      | Found a staircase to the Lair.
 11173 | D:9      | Learned a level 1 spell: Apportation
 11188 | D:9      | Reached ****** piety under Cheibriados
 11896 | D:10     | Entered Level 10 of the Dungeon
 12039 | D:10     | Noticed a boulder beetle
 12048 | D:10     | Killed a boulder beetle
 12576 | D:10     | Found a shimmering blue altar of Sif Muna.
 12703 | D:10     | Reached XP level 12. HP: 97/97 MP: 17/22
 12882 | D:10     | Found a staircase to the Orcish Mines.
 13109 | Lair:1   | Entered Level 1 of the Lair of Beasts
 13451 | Lair:1   | Noticed Joseph
 13461 | Lair:1   | Reached skill level 10 in Fighting
 13461 | Lair:1   | Reached skill level 10 in Long Blades
 13461 | Lair:1   | Reached skill level 10 in Dodging
 13469 | Lair:1   | Killed Joseph
 13614 | Lair:1   | Learned a level 4 spell: Fulminant Prism
 15222 | Lair:2   | Identified the amulet of Plog {RegenMP rCorr}
 15473 | Lair:2   | Reached XP level 13. HP: 104/104 MP: 18/25
 16211 | Lair:2   | Found a staircase to the Swamp.
 17279 | Lair:3   | Identified the +1 leather armour of Terror {rF+}
 17439 | Lair:3   | Noticed Gastronok
 17460 | Lair:3   | Killed Gastronok
 17833 | Lair:3   | Reached skill level 10 in Stealth
 17891 | Lair:3   | Found a staircase to the Snake Pit.
 17932 | Lair:3   | Acquired 995 gold pieces
 18126 | Lair:3   | Learned a level 5 spell: Summon Forest
 18274 | Lair:3   | Reached XP level 14. HP: 105/113 MP: 21/27
 18524 | Lair:4   | Reached skill level 10 in Invocations
 18531 | Lair:4   | Learned a level 5 spell: Summon Mana Viper
 19385 | Lair:5   | Entered Level 5 of the Lair of Beasts
 19519 | Lair:5   | Found a staircase to the Slime Pits.
 19519 | Lair:5   | Found a viscous altar of Jiyva.
 19847 | Lair:5   | Learned a level 5 spell: Fireball
 21165 | Orc:1    | Entered Level 1 of the Orcish Mines
 21518 | Orc:2    | Entered Level 2 of the Orcish Mines
 21518 | Orc:2    | Noticed Saint Roka
 21643 | Orc:2    | Found Maukhly's Antique Armour Emporium.
 21660 | Orc:2    | Reached skill level 10 in Short Blades
 21660 | Orc:2    | Reached skill level 10 in Axes
 21660 | Orc:2    | Reached skill level 10 in Maces & Flails
 21660 | Orc:2    | Reached skill level 10 in Polearms
 21660 | Orc:2    | Reached skill level 10 in Staves
 21660 | Orc:2    | Reached skill level 10 in Ranged Weapons
 21660 | Orc:2    | Reached skill level 10 in Throwing
 21660 | Orc:2    | Reached skill level 10 in Armour
 21660 | Orc:2    | Reached skill level 10 in Shields
 21660 | Orc:2    | Reached skill level 10 in Unarmed Combat
 21660 | Orc:2    | Reached skill level 10 in Spellcasting
 21660 | Orc:2    | Reached skill level 10 in Evocations
 21669 | Orc:2    | Found Ocuneas's Jewellery Shop.
 21671 | Orc:2    | Found Tuegubbiami's Magic Scroll Shoppe.
 21671 | Orc:2    | Found Apod Rukh's Weapon Emporium.
 21727 | Orc:1    | Reached XP level 15. HP: 53/120 MP: 8/29
 21951 | Orc:1    | Noticed Harold
 21963 | Orc:1    | Killed Harold
 22167 | Orc:2    | Found a bloodstained altar of Trog.
 22207 | Orc:2    | Found a staircase to the Elven Halls.
 22531 | Orc:2    | Killed Saint Roka
 22827 | Orc:2    | Bought a scroll of identify for 28 gold pieces
 22850 | Orc:2    | Bought a +6 ring of intelligence for 648 gold pieces
 23730 | D:11     | Identified the +1 pair of gloves of the Dolphin {rPois
                  | Will+ rCorr Dex-2}
 24393 | D:12     | Noticed Azrael
 24409 | D:12     | Killed Azrael
 24625 | Swamp:1  | Entered Level 1 of the Swamp
 24760 | Swamp:1  | Noticed Roxanne
 24941 | Orc:2    | Bought a scroll of enchant weapon for 105 gold pieces
 24941 | Orc:2    | Bought a scroll of amnesia for 56 gold pieces
 24941 | Orc:2    | Bought a scroll of poison for 56 gold pieces
 24941 | Orc:2    | Bought a scroll of fog for 56 gold pieces
 24941 | Orc:2    | Bought a scroll of immolation for 56 gold pieces
 25141 | Swamp:1  | Noticed Mlioglotl
 25149 | Swamp:1  | Killed Mlioglotl
 25497 | Swamp:1  | Learned a level 6 spell: Death Channel
 25627 | Swamp:1  | Reached XP level 16. HP: 118/119 MP: 17/30
 26090 | Swamp:1  | Killed Roxanne
 26233 | Swamp:2  | You fall into a shaft and drop 1 floor!
 26603 | Swamp:2  | Learned a level 2 spell: Blink
 27856 | Snake:1  | Entered Level 1 of the Snake Pit
 27856 | Snake:1  | Noticed Aizul
 27965 | Snake:1  | Killed Aizul
 28398 | Snake:1  | Found a runed translucent gate.
 28398 | Snake:1  | Found a runed translucent gate.
 28398 | Snake:1  | Found a runed translucent gate.
 28398 | Snake:1  | Found an opulent altar of Gozag.
 28399 | Snake:1  | Noticed Newt's ghost (journeyman DsGl)
 28401 | Snake:1  | Found Zonorur's Assorted Antiques.
 28402 | Snake:1  | Found Ujuce's Assorted Antiques.
 29045 | Snake:1  | Reached XP level 17. HP: 137/137 MP: 29/32
 29234 | Snake:1  | Reached skill level 10 in Conjurations
 29234 | Snake:1  | Reached skill level 10 in Hexes
 29234 | Snake:1  | Reached skill level 10 in Summonings
 29234 | Snake:1  | Reached skill level 10 in Necromancy
 29234 | Snake:1  | Reached skill level 10 in Translocations
 29234 | Snake:1  | Reached skill level 10 in Transmutations
 29234 | Snake:1  | Reached skill level 10 in Fire Magic
 29234 | Snake:1  | Reached skill level 10 in Ice Magic
 29234 | Snake:1  | Reached skill level 10 in Air Magic
 29234 | Snake:1  | Reached skill level 10 in Earth Magic
 29234 | Snake:1  | Reached skill level 10 in Poison Magic
 30194 | Swamp:4  | Entered Level 4 of the Swamp
 30519 | Swamp:4  | Found a runed translucent door.
 30519 | Swamp:4  | Noticed GiantSquids's ghost (adept MfBe)
 31712 | D:13     | Got the Codex of the Pneumatic Tundra
 33063 | Snake:1  | Killed Newt's ghost
 33101 | Snake:1  | Bought a potion of curing for 81 gold pieces
 33101 | Snake:1  | Bought a potion of magic for 216 gold pieces
 33101 | Snake:1  | Bought a scroll of enchant armour for 202 gold pieces
 33103 | Snake:1  | Bought a wand of mindburst (6) for 252 gold pieces
 33103 | Snake:1  | Bought a potion of lignification for 90 gold pieces
 33103 | Snake:1  | Bought a scroll of vulnerability for 120 gold pieces
 33103 | Snake:1  | Bought a scroll of immolation for 120 gold pieces
 33318 | Snake:2  | Reached XP level 18. HP: 146/146 MP: 30/34
 33847 | Snake:2  | Learned a level 4 spell: Manifold Assault
 33853 | Snake:2  | Learned a level 5 spell: Iskenderun's Battlesphere
 34132 | Snake:3  | Noticed Nikola
 34145 | Snake:3  | Killed Nikola
 35049 | Snake:3  | Noticed Kirke
 35057 | Snake:3  | Killed Kirke
 35985 | Swamp:4  | Killed GiantSquids's ghost
 36088 | Swamp:4  | Identified the +7 scimitar of the Philosopher {protect,
                  | rF+}
 36392 | Swamp:4  | Got a decaying rune of Zot
 36629 | Swamp:4  | Found an ancient bone altar of Kikubaaqudgha.
 37042 | Snake:4  | Entered Level 4 of the Snake Pit
 37475 | Snake:4  | Learned a level 4 spell: Dispel Undead
 37973 | Snake:4  | Reached XP level 19. HP: 70/153 MP: 21/36
 38447 | Snake:4  | Got a serpentine rune of Zot
 39065 | D:14     | Found a gate to the Vaults.
 39077 | Vaults:1 | Entered Level 1 of the Vaults
 39191 | D:14     | Identified the +10 quarterstaff "Grom" {drain, Int+4}
 39712 | D:15     | Entered Level 15 of the Dungeon
 40179 | D:15     | Noticed Jorgrun
 40189 | D:15     | Killed Jorgrun
 40476 | D:15     | Reached skill level 15 in Fighting
 40476 | D:15     | Reached skill level 15 in Long Blades
 40476 | D:15     | Reached skill level 15 in Dodging
 40687 | D:15     | Found a staircase to the Depths.
 41015 | Elf:1    | Entered Level 1 of the Elven Halls
 41015 | Elf:1    | Noticed Agnes
 41023 | Elf:1    | Killed Agnes
 41121 | Elf:1    | Found Vitesu's Antique Weapon Shoppe.
 41305 | Elf:1    | Reached skill level 15 in Invocations
 41326 | Elf:1    | Identified the ring of Unetiedu {rC- EV+5 Str+7}
 41395 | Elf:1    | Reached XP level 20. HP: 150/162 MP: 3/37
 41711 | Elf:1    | Found Naumaomil's Jewellery Emporium.
 41750 | Elf:1    | Found Koravumare's Weapon Shoppe.
 41788 | Elf:1    | Learned a level 7 spell: Orb of Destruction
 42230 | Elf:1    | Identified the +4 mace of the Pits of Slime {venom, rCorr}
 42789 | Elf:1    | Found an ancient bone altar of Kikubaaqudgha.
 43006 | Elf:2    | Found a runed translucent gate.
 43006 | Elf:2    | Found a runed translucent gate.
 43006 | Elf:2    | Found a runed translucent gate.
 43610 | Depths:1 | Entered Level 1 of the Depths
 44431 | Depths:1 | HP: 6/147 [stone giant (12)]
 44431 | Depths:1 | Slain by a spectral caustic shrike

Illustrated notes

Levels and vault maps discovered:
D:1:      ldierk_walled_garden_2, layout_loops_ring,
          chequers_serial_rivers_small_a, minivault_27
D:2:      layout_basic, shapermc_ecumenical_altar_mp_ritualfount, serial_shops,
          shop, kennysheep_generic_room_13, uniq_terence, uniq_jessica,
          uniq_natasha
D:3:      layout_loops_ring, nrook_campfire, uniq_crazy_yiuf_cottage
D:4:      layout_loops_ring, minitemple, minmay_temple_entry_glass, minivault_23
D:5:      layout_cave_pods, minmay_misc_feat_columns, saegor_snake_ambush,
          uniq_sigmund, uniq_eustachio, uniq_prince_ribbit1
D:6:      layout_layer_cave, lemuel_tele_altar, uniq_pikel
D:7:      layout_layer_cave, enter_bailey_3, minmay_misc_feat_tower,
          chequers_serial_rivers_micro_b
D:8:      layout_basic, uniq_erica, uniq_psyche
D:9:      layout_loops_cross, hellmonk_lair_entry_icy, serial_shops,
          nicolae_shop_statue_plus
D:10:     layout_irregular_city, lemuel_blue_sif_altar,
          kennysheep_orc_monster_closet_entryway
D:11:     layout_stronghold
D:12:     layout_rooms, uniq_azrael
D:13:     layout_layer_cave, minmay_misc_feat_square
D:14:     layout_cave_pods, grunt_vaults_entry_tiered
D:15:     hangedman_depths_entry_try_elsewhere_first, layout_basic,
          minmay_misc_feat_ornament, minmay_joined_circles, uniq_jorgrun
Temple:   nicolae_temple_figure_eight
Lair:1:   layout_layer_cave, cheibrodos_lair_lostbears, serial_bayou_shore_b,
          uniq_joseph
Lair:2:   nzn_winding_woodlands_huge [nzn_winding_woodlands_5x15_jagged,
          nzn_winding_woodlands_5x15_pathside_ponds,
          nzn_winding_woodlands_5x15_sawtooth, nzn_winding_woodlands_5x15_twine,
          nzn_winding_woodlands_5x15_split_checker,
          nzn_winding_woodlands_5x15_river_crossing,
          nzn_winding_woodlands_5x15_lazy_stream,
          nzn_winding_woodlands_5x15_pockets, nzn_winding_woodlands_5x15_eye,
          nzn_winding_woodlands_5x15_cabin,
          nzn_winding_woodlands_center_diamonds,
          nzn_winding_woodlands_center_lodge,
          nzn_winding_woodlands_15x15_killbox], layout_hall_layers, swamp_mist
Lair:3:   minmay_lair_venomous_thicket, layout_chaotic_city,
          guppyfry_snake_entry_island, nicolae_lair_run_with_the_wolves,
          uniq_gastronok
Lair:4:   layout_small_grid
Lair:5:   minmay_lair_end_enchanted_forest, layout_layer_cave,
          nicolae_slime_entry_slimehenge, st_stairs_6
Swamp:1:  nicolae_swamp_wrong_neighborhood, layout_basic_swamp,
          evilmike_swamp_ruin_rubble_2, uniq_mlioglotl, uniq_roxanne
Swamp:2:  layout_basic_swamp, hangedman_swamp_cone, swamp_pool1,
          lightli_tree_ring
Swamp:3:  layout_basic_swamp, evilmike_swamp_ruin_house_5, swamp_pool1
Swamp:4:  swamp_alternative, layout_basic_swamp, ebering_ghost_inner_flame,
          swamp_pool3, grunt_ruined_hall
Snake:1:  kennysheep_snake, layout_layer_cave, ebering_ghost_gozag,
          chequers_hall_statues_wall_a, st_stairs_7, uniq_aizul
Snake:2:  layout_basic, serial_bayou_shore_b
Snake:3:  layout_basic, serial_bayou_shore_b, uniq_kirke, uniq_nikola
Snake:4:  snake_pit, layout_cave_town, guppyfry_snake_island
Orc:1:    layout_caves, abandoned_shop, nicolae_orc_lava_room, uniq_harold
Orc:2:    st_orc_open, layout_caves, basic_altar, uniq_saint_roka
Elf:1:    minmay_elf_arrival_summoners, layout_geoelf_grid, serial_shops,
          nicolae_shop_behind_doors, kennysheep_underground_church,
          elves_outpost_lemuel, minmay_shoptagon, grunt_megastairs_2,
          lemuel_upstairs_altar, uniq_agnes
Elf:2:    nicolae_elf_blades_crystal_corner, layout_rooms, grunt_ministairs_5,
          minmay_misc_feat_five
Vaults:1: hangedman_vaults_stitches, v_pattern_4, nicolae_vaults_ninety_degrees,
          v_misc_19, st_lattice, vaults_mumra_hex, hangedman_vaults_pinch,
          nicolae_vaults_little_squares_3, vaults_room_stairs_pillars,
          vaults_standard_mumra_enter_the_diamond, vaults_mumra_lcd,
          layout_vaults_omnibox, serial_shops, shop
Depths:1: layout_forbidden_donut, enter_ziggurat_f, pf_hell_entry_tar_river,
          gammafunk_ghost_necromancy, rand_demon_pan_entry_3, mu_enter_wizlab_1,
          corexii_corridor_pit, kennysheep_nondescript, minmay_pinched_square,
          uniq_sojobo

Skill      XL: |  1  2  3  4  5  6  7  8  9 10 11 12 13 14 15 16 17 18 19 20 |
---------------+-------------------------------------------------------------+-----
Short Blades   | 1 2 3 5 6 7 8 9 10 11 12 13 14 | 14.3
Axes           | 1 2 3 5 6 7 8 9 10 11 12 13 14 | 14.3
Maces & Flails | 1 2 3 5 6 7 8 9 10 11 12 13 14 | 14.3
Polearms       | 1 2 3 5 6 7 8 9 10 11 12 13 14 | 14.3
Staves         | 1 2 3 5 6 7 8 9 10 11 12 13 14 | 14.3
Ranged Weapons | 1 2 3 5 6 7 8 9 10 11 12 13 14 | 14.3
Throwing       | 1 2 3 5 6 7 8 9 10 11 12 13 14 | 14.3
Armour         | 1 2 3 5 6 7 8 9 10 11 12 13 14 | 14.3
Shields        | 1 2 3 5 6 7 8 9 10 11 12 13 14 | 14.3
Unarmed Combat | 1 2 3 5 6 7 8 9 10 11 12 13 14 | 14.3
Spellcasting   | 1 2 3 5 6 7 8 9 10 11 12 13 14 | 14.3
Invocations    | 1 2 3 4 5 6 7 8 9 10 11 12 13 14 15 | 15.5
Evocations     | 1 2 3 5 6 7 8 9 10 11 12 13 14 | 14.3
Conjurations   | 1 2 3 4 5 6 7 8 9 10 11 12 | 12.1
Hexes          | 1 2 3 4 5 6 7 8 9 10 11 12 | 12.1
Summonings     | 1 2 3 4 5 6 7 8 9 10 11 12 | 12.1
Necromancy     | 1 2 3 4 5 6 7 8 9 10 11 12 | 12.1
Translocations | 1 2 3 4 5 6 7 8 9 10 11 12 | 12.1
Transmutations | 1 2 3 4 5 6 7 8 9 10 11 12 | 12.1
Fire Magic     | 1 2 3 4 5 6 7 8 9 10 11 12 | 12.1
Ice Magic      | 1 2 3 4 5 6 7 8 9 10 11 12 | 12.1
Air Magic      | 1 2 3 4 5 6 7 8 9 10 11 12 | 12.1
Earth Magic    | 1 2 3 4 5 6 7 8 9 10 11 12 | 12.1
Poison Magic   | 1 2 3 4 5 6 7 8 9 10 11 12 | 12.1
Fighting       | 7 8 9 10 11 12 13 14 15 | 15.6
Long Blades    | 7 8 9 10 11 12 13 14 15 | 15.6
Dodging        | 7 8 9 10 11 12 13 14 15 | 15.6
Stealth        | 5 6 7 8 9 10 11 12 13 14 | 14.9

Action                   |  1- 3 |  4- 6 |  7- 9 | 10-12 | 13-15 | 16-18 | 19-21 || total
-------------------------+-------+-------+-------+-------+-------+-------+-------++-------
Melee: Falchion          |    56 |   201 |   231 |   157 |       |       |       ||   645
       Bite              |     6 |    22 |    49 |    39 |    48 |    47 |    16 ||   227
       Punch             |       |     2 |       |       |       |       |       ||     2
       Rapier            |       |       |   114 |     2 |       |       |       ||   116
       Long sword        |       |       |       |   135 |   271 |   322 |    10 ||   738
       Unarmed           |       |       |       |     8 |       |       |       ||     8
       Scimitar          |       |       |       |       |     2 |   170 |   442 ||   614
       Great sword       |       |       |       |       |       |       |     1 ||     1
Throw: Stone             |     9 |       |       |       |       |       |       ||     9
       Dart              |       |    12 |    15 |     8 |     4 |       |       ||    39
       Javelin           |       |       |       |       |     8 |       |     9 ||    17
 Cast: Slow              |       |       |     9 |     9 |       |       |       ||    18
       Vampiric Draining |       |       |     4 |    29 |    37 |    26 |     8 ||   104
       Confusing Touch   |       |       |     1 |    14 |    10 |    21 |     2 ||    48
       Poisonous Vapours |       |       |       |    80 |   107 |    31 |       ||   218
       Mephitic Cloud    |       |       |       |    34 |    22 |    21 |    15 ||    92
       Freeze            |       |       |       |    14 |       |       |       ||    14
       Frozen Ramparts   |       |       |       |    25 |    15 |       |       ||    40
       Cigotuvi's Dreadf |       |       |       |     5 |     4 |     1 |       ||    10
       Hailstorm         |       |       |       |    24 |    15 |       |       ||    39
       Apportation       |       |       |       |     1 |     1 |       |       ||     2
       Fulminant Prism   |       |       |       |     5 |    34 |       |       ||    39
       Summon Mana Viper |       |       |       |       |    38 |    64 |       ||   102
       Fireball          |       |       |       |       |    58 |   174 |    63 ||   295
       Summon Forest     |       |       |       |       |    27 |    45 |     8 ||    80
       Death Channel     |       |       |       |       |     2 |    31 |    11 ||    44
       Blink             |       |       |       |       |       |    19 |     8 ||    27
       Manifold Assault  |       |       |       |       |       |    58 |   102 ||   160
       Iskenderun's Batt |       |       |       |       |       |    21 |    23 ||    44
       Dispel Undead     |       |       |       |       |       |       |     5 ||     5
       Orb of Destructio |       |       |       |       |       |       |    12 ||    12
Invok: Slouch            |       |       |     1 |     2 |       |       |     4 ||     7
       Bend Time         |       |       |     1 |       |       |       |       ||     1
       Step From Time    |       |       |       |       |     1 |       |       ||     1
       Temporal Distorti |       |       |       |       |       |     1 |       ||     1
Evoke: Wand              |       |       |       |     2 |       |     1 |     2 ||     5
       Condenser vane    |       |       |       |       |     1 |     1 |       ||     2
       Phial of floods   |       |       |       |       |     1 |       |     1 ||     2
       Lightning rod     |       |       |       |       |     1 |       |       ||     1
  Use: Scroll            |       |       |     7 |    23 |    24 |    13 |    15 ||    82
       Potion            |       |       |     5 |     3 |     8 |     3 |     4 ||    23
 Stab: Sleeping          |     9 |     6 |    10 |     7 |     1 |     3 |     4 ||    40
       Distracted        |       |     1 |     1 |       |     3 |    16 |     6 ||    27
       Confused          |       |       |       |    28 |    10 |    20 |     5 ||    63
       Fleeing           |       |       |       |     1 |       |       |       ||     1
Armor: Robe              |     7 |       |       |    21 |    79 |   130 |   119 ||   356
       Leather armour    |       |    48 |   166 |    34 |       |       |       ||   248
       Skin              |       |       |       |     4 |       |       |       ||     4
Dodge: Dodged            |    30 |   139 |   471 |   328 |   529 |   517 |   365 ||  2379
Block: Buckler           |       |    12 |   171 |   228 |   387 |   110 |       ||   908
       Kite shield       |       |       |       |       |       |   439 |   435 ||   874

Table legend: (Time is in decaauts)
 A = Elapsed time spent in this place.
 B = Non-inter-level travel time spent in this place.
 C = Inter-level travel time spent in this place.
 D = Time resting spent in this place.
 E = Time spent auto-exploring this place.
 F = Levels seen in this place.
 G = Mean time per level.
                   A        B        C        D        E       F      G
               +--------+--------+--------+--------+--------+-----+--------+
         Total |  68616 |  59804 |   8812 |    119 |  48437 |  36 | 1906.0 |
       Dungeon |  27760 |  23699 |   4061 |      0 |  19322 |  15 | 1850.7 |
        Temple |    232 |    191 |     41 |      0 |    187 |   1 |  232.0 |
          Lair |  14142 |  12067 |   2075 |      0 |  10121 |   5 | 2828.4 |
         Swamp |   7449 |   6559 |    890 |      3 |   5067 |   4 | 1862.2 |
     Snake Pit |  10495 |   9608 |    887 |      0 |   7939 |   4 | 2623.8 |
  Orcish Mines |   3232 |   2750 |    482 |      0 |   2153 |   2 | 1616.0 |
   Elven Halls |   3749 |   3375 |    374 |      0 |   2593 |   2 | 1874.5 |
        Vaults |      7 |      7 |      0 |      0 |      0 |   1 |    7.0 |
        Depths |     52 |     52 |      0 |      0 |      0 |   1 |   52.0 |
        Bailey |   1494 |   1494 |      0 |    116 |   1054 |   1 | 1494.0 |
               +--------+--------+--------+--------+--------+-----+--------+

Top non-repeatable levels by time:
  Lair:2: 4070 daAuts
 Snake:1: 3994 daAuts
  Lair:1: 3623 daAuts
   Elf:1: 2996 daAuts
    D:13: 2761 daAuts
 Snake:3: 2747 daAuts
  Lair:5: 2674 daAuts
     D:6: 2502 daAuts
    D:15: 2477 daAuts
    D:10: 2410 daAuts
    D:14: 2345 daAuts
     D:9: 2342 daAuts
  Lair:3: 2292 daAuts
 Snake:4: 2160 daAuts
     D:7: 2030 daAuts
